AoeStats
← Gothic_Brother

Golden Pit

508703462Analyzed
1v1 RM · 10d ago on Sep 23, 2026· 26m 45s· 2 players
Game mode
Random Map
Map size
Tiny (2 player)
Population
200
Speed
Normal
Resources
Standard
Victory
Conquest
Starting age
Dark Age
Ending age
Imperial Age
RankedLock teamsTeams togetherTeam positionsShared explorationLock speedFull tech treeHidden civsTurbo modeCheats
Victory
Defeat
🇷🇺 Lithuanians · Russia
1191
+18
🇺🇾 Varangians · Uruguay
1224
-18
Maximo7z
7:04 Loom
10:03 Feudal Age
10:04 Man-at-Arms
10:37 Double-Bit Axe
12:44 Arson
21:32 Castle Age
19:29 Stone Mining
19:28 Horse Collar
22:41 Wheelbarrow
22:28 Bow Saw
23:05 Gold Mining
23:51 Forging
25:04 Town Watch
Gothic_Brother
9:49 Feudal Age
18:33 Castle Age
17:06 Double-Bit Axe
17:43 Horse Collar
25:19 Loom
Connection lost

Rejoining the realm…

Still unreachable

The connection could not be restored.

Session expired

The server has moved on; the page needs a fresh start.